 Dungeon Crawl Stone Soup version 0.24.1 (webtiles) character file.

Game seed: 732037702252478380, levelgen mode: deterministic

7980 Frank2 the Basher (level 11, -6/83 HPs)
             Began as a Demonspawn Gladiator on Apr 4, 2020.
             Was a Believer of Uskayaw.
             Mangled by an orc knight
             ... wielding a +0 war axe
              (20 damage)
             ... in a bailey.
             The game lasted 00:23:03 (8952 turns).

Frank2 the Basher (Demonspawn Gladiator)            Turns: 8952, Time: 00:23:04

Health: -6/83      AC: 13    Str: 14    XL:     11   Next: 3%
Magic:  12/15      EV: 13    Int:  9    God:    Uskayaw [**....]
Gold:   427        SH:  8    Dex: 23    Spells: 10/10 levels left

rFire    + . .     SeeInvis +   k - +3 whip (venom)
rCold    . . .     Gourm    .   t - +2 buckler
rNeg     . . .     Faith    .   l - +0 scale mail
rPois    .         Spirit   .   c - +2 helmet
rElec    +         Reflect  .   (no cloak)
rCorr    .         Harm     .   (no gloves)
MR       .....                  x - +1 pair of boots
Stlth    +.........             s - amulet "Boiv" {RegenMP rElec Int-2 Dex+4 SInv}
HPRegen  0.63/turn              (no ring)
MPRegen  0.39/turn              (no ring)

@: about to teleport
A: claws 2, hooves 1, thin skeletal structure 1, demonic guardian 1, fire
resistance 1, regeneration 1, wild magic 1
a: Stomp, Line Pass, Renounce Religion


You were in a bailey.
You worshipped Uskayaw.
Uskayaw was noncommittal.
You were hungry.

You visited 2 branches of the dungeon, and saw 11 of its levels.
You also visited: Sewer and Bailey.

You collected 427 gold pieces.

Inventory:

Hand Weapons
 e - a +2 mace of venom
 k - a +3 whip of venom (weapon)
 r - a +1 whip of flaming
Armour
 c - a +2 helmet (worn)
 l - a +0 scale mail (worn)
 t - a +2 buckler (worn)
 x - a +1 pair of boots (worn)
Jewellery
 d - an uncursed ring of protection from magic {unknown}
 m - an uncursed ring of protection from magic {unknown}
 s - the amulet "Boiv" (around neck) {RegenMP rElec Int-2 Dex+4 SInv}
   (You acquired it in a sewer)

   [amulet of magic regeneration]

   It increases your magic regeneration.
   It affects your intelligence (-2).
   It affects your dexterity (+4).
   It insulates you from electricity.
   It lets you see invisible.
 v - an uncursed amulet of magic regeneration {unknown}
Wands
 q - a wand of flame (4)
 D - a wand of random effects (32)
 E - a wand of paralysis (8)
 F - a wand of scattershot (6)
 G - a wand of polymorph (10)
Scrolls
 b - 9 scrolls of remove curse
 n - 3 scrolls of enchant armour
 w - 7 scrolls of teleportation
 y - a scroll of amnesia
 A - 2 scrolls of enchant weapon
 B - 3 scrolls of identify
 J - a scroll of blinking {unknown}
Potions
 a - a potion of lignification
 g - 4 potions of curing
 h - 2 potions of magic {unknown}
 i - a potion of mutation
 j - 2 potions of haste
 o - 6 potions of flight
 p - 3 potions of might {unknown}
 u - 2 potions of resistance {unknown}
 z - a potion of invisibility {unknown}
 C - 2 potions of degeneration {unknown}
 I - a potion of heal wounds
 K - a potion of agility {unknown}
 L - a potion of brilliance {unknown}
Comestibles
 f - 17 rations


   Skills:
 + Level 6.6 Fighting
 + Level 9.7 Maces & Flails
 - Level 1.7 Throwing
 + Level 6.0 Armour
 + Level 5.8 Dodging
 + Level 4.6 Shields
 * Level 4.4 Invocations
 * Level 5.5 Evocations


You had 10 spell levels left.
You didn't know any spells.
Your spell library contained the following spells:

 Spells                   Type           Power        Failure   Level  Hunger
 Beastly Appendage        Tmut           #.....       88%         1    ##.....
 Sticks to Snakes         Tmut           #.......     95%         2    ###....
 Spider Form              Tmut/Pois      #.........   99%         3    ####...
 Ice Form                 Ice/Tmut       #.......     100%        4    #####..
 Blade Hands              Tmut           #.........   100%        5    ######.


Dungeon Overview and Level Annotations

Branches:
Dungeon (11/15)            Temple (1/1) D:5            Lair (0/6) D:8
  Sewer (visited)          Bailey (1/1)
    Orc: D:9-12

Altars:
Ashenzari
Cheibriados
Dithmenos
Elyvilon
Fedhas
Gozag
Hepliaklqana
Kikubaaqudgha
Makhleb
Nemelex Xobeh
Okawaru
Qazlal
Ru
Sif Muna
Trog
Uskayaw
Vehumet
Wu Jian
Xom
Yredelemnul
Zin
The Shining One


Innate Abilities, Weirdness & Mutations

You have very sharp fingernails.
You have a somewhat thin skeletal structure. (Dex +2, Stealth)
A weak demonic guardian rushes to your aid.
Your flesh is heat resistant. (rF+)
You have large cloven feet.
Your natural rate of healing is unusually fast.
Your spells are a little harder to cast, but a little more powerful.


Message History

The helpless orc warrior fails to defend itself.
You hit the orc warrior.
The orc warrior looks as sick as possible!
The orc warrior is heavily wounded.
Your shadow imp closely misses the orc warrior.
You block the orc knight's attack.
You can now pass through a line of other dancers.
The helpless orc warrior fails to defend itself.
You hit the orc warrior but do no damage.
The orc warrior looks as sick as possible!
The orc warrior is heavily wounded.
The hobgoblin seems less confused.
The orc warrior hits you with a +0 war axe!!
The orc warrior hits you with a +0 broad axe!
As you read the scroll of teleportation, it crumbles to dust.
You feel strangely unstable.
The orc warrior hits you with a +0 war axe!!
* * * LOW HITPOINT WARNING * * *
The orc knight hits you with a +0 war axe!!
You die...

#..)..)..)..#.......).).#
#...).......#.......).).#
###.........###......)).###
###.#'#.....###.###....)#'#.##
###....)###.###.....###.###..)..
##.........###........=###....)..
#..........8##.g......$$#.....)).
#..........8#5ooo.....$!#........
#∩....⌠....5))go@.....$$#.....⌠..
#..........8#..ooo....$?#........
#..........8##.o......$$#........
##.........###........|###.......
###.....###.###.....###.###.....
###.#'#.....###.###.....#'#.##
###)).).....###.........###
#....)).)...#...........#
#.......)...#...........#


You could see an orc warlord, an orc knight, 6 orc warriors, a hobgoblin, a
goblin and 2 friendly shadow imps.

Vanquished Creatures
  Pikel (D:4)
  An ugly thing (D:11)
  A manticore (D:11)
  A troll (D:11)
  A shadow (D:11)
  A wraith (D:11)
  Grum (D:8)
  A hungry ghost (D:8)
  2 vampire mosquitoes (D:11)
  Duvessa (D:6)
  A black bear (D:10)
  9 orc warriors
  A slave (D:4)
  An ice beast (D:10)
  3 sky beasts
  4 wolves (D:8)
  3 ogres
  A phantom (D:7)
  4 centaurs
  A big kobold (D:8)
  Blork the orc (D:5)
  7 bullfrogs
  Dowan (D:6)
  3 scorpions
  4 killer bees (D:11)
  2 howler monkeys
  8 crimson imps
  4 bullfrog zombies
  5 hounds
  8 orc priests
  2 jellies
  A centaur skeleton (D:7)
  A bullfrog skeleton (D:8)
  2 iguanas
  9 orc wizards
  A merfolk siren (Sewer)
  11 worker ants
  2 killer bee zombies
  A merfolk avatar (Sewer)
  2 hound skeletons
  Robin (D:2)
  A worker ant zombie (D:10)
  12 adders
  5 gnolls (Bailey)
  4 river rats
  2 oozes
  3 dart slugs
  7 leopard geckos
  43 orcs
  5 giant cockroaches
  30 goblins
  22 hobgoblins
  6 jackals
  2 quokkas
  5 ball pythons
  8 bats
  11 frilled lizards
  6 kobolds
  30 rats
317 creatures vanquished.

Vanquished Creatures (collateral kills)
  A troll (D:11)
  A basilisk (D:11)
  A vampire mosquito (D:11)
  2 crimson imps (D:8)
  An adder (D:7)
  2 hobgoblins (Bailey)
  A goblin (Bailey)
9 creatures vanquished.

Grand Total: 326 creatures vanquished

Notes
Turn   | Place    | Note
-------+----------+-------------------------------------------
     0 | D:1      | Frank2 the Demonspawn Gladiator began the quest for the
                  | Orb.
     0 | D:1      | Reached XP level 1. HP: 16/16 MP: 1/1
   305 | D:1      | Gained mutation: Your flesh is heat resistant. (rF+)
                  | [demonic ancestry]
   305 | D:1      | Reached XP level 2. HP: 21/22 MP: 2/2
   361 | D:1      | Reached skill level 3 in Maces & Flails
  1006 | D:2      | Reached XP level 3. HP: 17/27 MP: 3/3
  1262 | D:2      | Noticed Robin
  1280 | D:2      | Killed Robin
  1280 | D:2      | Gained mutation: You have a somewhat thin skeletal
                  | structure. (Dex +2, Stealth) [demonic ancestry]
  1280 | D:2      | Reached XP level 4. HP: 15/34 MP: 4/4
  1510 | D:2      | Reached skill level 1 in Armour
  1871 | D:2      | Reached skill level 4 in Maces & Flails
  1967 | D:2      | Gained mutation: You expend magic power (3 MP) to
                  | strengthen your wands. [potion of mutation]
  1967 | D:2      | Gained mutation: You are clumsy. (Dex -2) [potion of
                  | mutation]
  1967 | D:2      | Lost mutation: You are clumsy. (Dex -2) [potion of
                  | mutation]
  2047 | D:3      | Gained mutation: You have sharp fingernails. [demonic
                  | ancestry]
  2047 | D:3      | Reached XP level 5. HP: 34/39 MP: 5/5
  2542 | D:4      | Reached XP level 6. HP: 43/47 MP: 6/6
  2932 | D:4      | Noticed a slave
  2932 | D:4      | Noticed a slave
  2933 | D:4      | Noticed Pikel
  2933 | D:4      | Noticed a slave
  2946 | D:4      | Killed a slave
  2962 | D:4      | Killed Pikel
  2962 | D:4      | Reached skill level 5 in Maces & Flails
  2962 | D:4      | Reached XP level 7. HP: 34/53 MP: 7/7
  2964 | D:4      | Reached skill level 6 in Maces & Flails
  3083 | D:5      | Entered Level 5 of the Dungeon
  3094 | D:5      | Noticed Blork the orc
  3109 | D:5      | Killed Blork the orc
  3199 | D:5      | Gained mutation: You have very sharp fingernails. [demonic
                  | ancestry]
  3199 | D:5      | Reached XP level 8. HP: 58/60 MP: 8/8
  3414 | D:5      | Found a staircase to the Ecumenical Temple.
  3475 | D:5      | Found a shattered altar of Ashenzari.
  3532 | D:5      | Reached skill level 7 in Maces & Flails
  3537 | D:5      | Found a glowing drain.
  3546 | Sewer    | Entered a sewer
  3760 | Sewer    | Reached skill level 1 in Shields
  3893 | Sewer    | Identified a scroll of acquirement
  3894 | Sewer    | Got a fine lead amulet
  3897 | Sewer    | Identified the amulet "Boiv" {RegenMP rElec Int-2 Dex+4
                  | SInv} (You acquired it in a sewer)
  4306 | D:6      | Found a blossoming altar of Fedhas.
  4481 | D:6      | Reached skill level 1 in Evocations
  4505 | D:6      | Noticed Duvessa
  4544 | D:6      | Noticed Dowan
  4670 | Temple   | Entered the Ecumenical Temple
  4879 | D:6      | Killed Duvessa
  4893 | D:6      | Killed Dowan
  5006 | D:6      | Gained mutation: A weak demonic guardian rushes to your
                  | aid. [demonic ancestry]
  5006 | D:6      | Reached XP level 9. HP: 43/67 MP: 10/10
  5017 | D:6      | Found a basalt altar of Yredelemnul.
  5097 | D:6      | Reached skill level 5 in Fighting
  5130 | D:6      | Found a hide-covered altar of Uskayaw.
  5135 | D:6      | Found a sparkling altar of Nemelex Xobeh.
  5138 | D:6      | Found an opulent altar of Gozag.
  5141 | D:6      | Found a burning altar of Makhleb.
  5147 | D:6      | Became a worshipper of Uskayaw the Reveler
  5306 | D:6      | Reached * piety under Uskayaw
  5551 | D:6      | Reached ** piety under Uskayaw
  5699 | D:7      | Reached *** piety under Uskayaw
  5779 | D:7      | Reached skill level 8 in Maces & Flails
  5779 | D:7      | Reached skill level 5 in Dodging
  6362 | D:8      | Reached skill level 5 in Armour
  6550 | D:8      | Noticed Grum
  6585 | D:8      | Reached **** piety under Uskayaw
  6586 | D:8      | Killed Grum
  6591 | D:8      | Reached ***** piety under Uskayaw
  6625 | D:8      | Lost mutation: You expend magic power (3 MP) to strengthen
                  | your wands. [potion of mutation]
  6625 | D:8      | Gained mutation: Your natural rate of healing is unusually
                  | fast. [potion of mutation]
  6625 | D:8      | Gained mutation: Your spells are a little harder to cast,
                  | but a little more powerful. [potion of mutation]
  6625 | D:8      | Gained mutation: You have large cloven feet. [potion of
                  | mutation]
  6632 | D:8      | Found a staircase to the Lair.
  6678 | D:8      | Reached XP level 10. HP: 76/76 MP: 13/13
  6750 | D:8      | Found a hazy altar of Hepliaklqana.
  7214 | D:8      | You fall into a shaft and drop 3 floors!
  7250 | D:11     | Noticed a cyan ugly thing
  7273 | D:11     | Killed a cyan ugly thing
  7273 | D:11     | Reached skill level 9 in Maces & Flails
  7273 | D:11     | Reached skill level 1 in Invocations
  7580 | D:11     | Noticed a manticore
  7589 | D:11     | Killed a manticore
  7589 | D:11     | Reached skill level 5 in Evocations
  8153 | D:10     | Entered Level 10 of the Dungeon
  8406 | D:10     | Found a flagged portal.
  8500 | Bailey   | Entered a bailey
  8643 | Bailey   | Reached XP level 11. HP: 42/83 MP: 15/15
  8937 | Bailey   | Noticed an orc warlord
  8941 | Bailey   | Noticed an orc knight
  8952 | Bailey   | Mangled by an orc knight

Levels and vault maps discovered:
D:1:      dpeg_arrival_arbitrary_b, layout_loops_ring
D:2:      layout_loops_ring, uniq_robin
D:3:      layout_rooms
D:4:      layout_loops_cross, first_ration, minmay_misc_feat_four_crosses,
          uniq_pikel
D:5:      layout_gridville, minmay_temple_entry_statues_pillars,
          portal_sewer_entry_b, nicolae_ashenzari_panopticon, uniq_blork_the_orc
D:6:      layout_basic, overflow_temple_1_default,
          grunt_temple_overflow_cloverleaf, fedhas_altar_fruit_tree,
          uniq_duvessa
D:7:      layout_loops_ring
D:8:      layout_basic, lemuel_doored_altar, lair_entry_dummy, uniq_grum
D:10:     layout_loops_cross, enter_bailey_2, blue_anna_alchemist
          [blue_anna_fruit_fields, blue_anna_fruit_fields],
          minmay_fractal_squares_gapless_5
D:11:     layout_roguey
Temple:   nicolae_temple_elliptical
Bailey:   bailey_axe_minmay_hex_keep, bailey

Skill      XL: |  1  2  3  4  5  6  7  8  9 10 |
---------------+-------------------------------+-----
Dodging        | 3 4 5 |  5.8
Maces & Flails | 3 4 5 6 7 8 9 |  9.7
Armour         | 1 2 3 4 5 6 |  6.0
Fighting       | 3 4 5 6 |  6.6
Shields        | 2 3 4 |  4.6
Evocations     | 2 4 5 |  5.5
Invocations    | 4 |  4.4
Throwing       | |  1.7

Action                   |  1- 3 |  4- 6 |  7- 9 | 10-12 || total
-------------------------+-------+-------+-------+-------++-------
Melee: Flail             |    58 |       |       |       ||    58
       Whip              |    49 |   164 |   526 |   519 ||  1258
Throw: Throwing net      |       |       |     2 |     1 ||     3
Invok: Line Pass         |       |       |       |     1 ||     1
Evoke: Wand              |       |       |     6 |     2 ||     8
  Use: Scroll            |     5 |     4 |     5 |     1 ||    15
       Potion            |       |     2 |     2 |     1 ||     5
 Stab: Held in net/web   |       |       |     3 |       ||     3
       Sleeping          |       |       |     1 |     1 ||     2
       Paralysed         |       |       |     4 |    24 ||    28
       Distracted        |       |       |       |     6 ||     6
  Eat: Chunk             |     1 |     4 |    14 |    10 ||    29
Armor: Leather armour    |    17 |       |       |       ||    17
       Ring mail         |    29 |       |       |       ||    29
       Scale mail        |    31 |    48 |   148 |   108 ||   335
Dodge: Dodged            |   117 |    76 |   190 |   181 ||   564
Block: Buckler           |       |       |   141 |   149 ||   290
